 Dungeon Crawl Stone Soup version 0.20.2-3-g29329e0561 (webtiles) character file.

479 Alfie the Covered (level 7, 0/60 HPs)
             Began as a Hill Orc Fighter on Mar 31, 2024.
             Slain by Grinder (4 damage)
             ... while paralysed by Grinder
             ... on level 5 of the Dungeon.
             The game lasted 00:06:27 (2660 turns).

Alfie the Covered (Hill Orc Fighter)                Turns: 2660, Time: 00:06:27

Health: 0/60       AC: 12    Str: 20 (21) XL:     7   Next: 11%
Magic:  7/7        EV:  2    Int:  6 (8)  God:
Gold:   123        SH:  0    Dex:  8 (10) Spells: 6/6 levels left

rFire    x . .     SeeInvis .   a - +0 rapier
rCold    + . .     Gourm    .   e - +2 buckler {AC+3}
rNeg     . . .     Faith    .   b - +2 scale mail
rPois    .         Spirit   .   (no helmet)
rElec    .         Reflect  .   (no cloak)
rCorr    .         Harm     .   (no gloves)
MR       .....                  (no boots)
Stlth    ..........             (no amulet)
Regen    0.2/turn               w - ring of ice
MPRegen  0.1/turn               s - +1 ring of evasion

@: paralysed
A: no striking features
a: no special abilities


You were on level 5 of the Dungeon.
You were not hungry.

You visited 1 branch of the dungeon, and saw 5 of its levels.

You collected 123 gold pieces.

Inventory:

Hand Weapons
 a - a +0 rapier (weapon)
Armour
 b - a +2 scale mail (worn)
 e - a +2 buckler of protection (worn)
Jewellery
 o - an uncursed ring of positive energy
 s - a +1 ring of evasion (right hand)
 w - a ring of ice (left hand)
Scrolls
 h - a scroll of enchant armour
 j - a scroll of blinking
 k - 2 scrolls of teleportation
 m - 2 scrolls of remove curse
 u - a scroll of fog {unknown}
 x - a scroll of recharging {unknown}
Potions
 d - a potion of might
 g - a potion of degeneration
 i - a potion of heal wounds {unknown}
 l - 2 potions of curing
 n - a potion of cancellation
 p - a potion of resistance {unknown}
 q - 2 potions of mutation {unknown}
 v - a potion of brilliance {unknown}
Comestibles
 c - 2 meat rations
 f - 2 bread rations


   Skills:
 + Level 4.7 Fighting
 + Level 4.8 Short Blades
 + Level 5.0 Armour
 + Level 0.8 Dodging
 + Level 0.5 Stealth
 + Level 4.6 Shields


You had 6 spell levels left.
You didn't know any spells.

Dungeon Overview and Level Annotations

Branches:
Dungeon (5/15)
 Temple: D:4-7

Altars:
Elyvilon
Xom

Annotations:
D:5 Grinder


Message History

Press: ? - help, Shift-Dir - straight line, f/p - Grinder
Aim: Grinder (severely wounded)
You throw a tomahawk. The tomahawk hits Grinder.
Grinder is almost dead.
You block Grinder's attack.
You barely miss Grinder.
Grinder is almost dead.
Grinder hits you but does no damage.
You closely miss Grinder.
Grinder is almost dead.
Grinder gestures at you.
You suddenly lose the ability to move!
Grinder gestures at you.
You shrug off the repeated paralysis!
Grinder hits you.
* * * LOW HITPOINT WARNING * * *
You writhe in agony.
* * * LOW HITPOINT WARNING * * *
Grinder hits you.
You die...

...................>.....†.<
........######.############
####.###..# #.# #.......#.##
#.# #.......#..# #.#
##.......##.# #.#
#........##.## #.#
#........##.(# #.#
#.##########@# #.# . #5# #(#
#..# ##.# .. #.# .# .#


You could see Grinder.

Vanquished Creatures
  The ghost of Alfie the Skirmisher, an amateur HOFi (D:3)
  A scorpion (D:5)
  A bullfrog skeleton (D:4)
  Jessica (D:2)
  An iguana (D:4)
  A worker ant (D:4)
  9 adders
  4 gnolls (D:4)
  5 worms
  A dart slug (D:1)
  3 leopard geckos
  3 ball pythons
  2 giant cockroaches (D:2)
  4 hobgoblins
  8 kobolds
  7 bats
  A frilled lizard (D:2)
  7 goblins
  5 rats
65 creatures vanquished.

Vanquished Creatures (others)
  A bat (D:3)
1 creature vanquished.

Grand Total: 66 creatures vanquished

Notes
Turn   | Place    | Note
-------+----------+-------------------------------------------
     0 | D:1      | Alfie the Hill Orc Fighter began the quest for the Orb.
     0 | D:1      | Reached XP level 1. HP: 19/19 MP: 1/1
   189 | D:1      | Found a shimmering altar of Xom.
   201 | D:1      | Reached XP level 2. HP: 24/27 MP: 2/2
   747 | D:2      | Reached XP level 3. HP: 33/33 MP: 3/3
   766 | D:2      | Reached skill level 4 in Armour
   781 | D:2      | Noticed Jessica
   786 | D:2      | Killed Jessica
   786 | D:2      | Reached XP level 4. HP: 38/40 MP: 4/4
   950 | D:2      | Found a faded altar of an unknown god.
  1139 | D:2      | Reached XP level 5. HP: 30/46 MP: 5/5
  1710 | D:3      | Found a white marble altar of Elyvilon.
  1839 | D:3      | Noticed Alfie's ghost (amateur HOFi)
  1850 | D:3      | Killed Alfie's ghost
  1850 | D:3      | Reached XP level 6. HP: 49/53 MP: 6/6
  2212 | D:4      | HP: 2/53 [gnoll/spear (2)]
  2381 | D:4      | Reached XP level 7. HP: 20/60 MP: 7/7
  2583 | D:5      | Entered Level 5 of the Dungeon
  2587 | D:5      | Reached skill level 5 in Armour
  2624 | D:5      | Noticed Grinder
  2639 | D:5      | Paralysed by Grinder for 3 turns
  2657 | D:5      | Paralysed by Grinder for 4 turns
  2660 | D:5      | Slain by Grinder

Skill      XL: |  1  2  3  4  5  6  7 |
---------------+----------------------+-----
Armour         | 4 5 |  5.0
Fighting       | 4 |  4.7
Short Blades   | 3 4 |  4.8
Shields        | 4 |  4.6
Dodging        | |  0.8
Stealth        | |  0.5

Action                   |  1- 3 |  4- 6 |  7- 9 || total
-------------------------+-------+-------+-------++-------
Melee: Rapier            |    64 |   236 |    17 ||   317
Throw: Tomahawk          |       |       |     3 ||     3
  Use: Potion            |       |     3 |       ||     3
       Scroll            |       |       |     5 ||     5
  Eat: Bread ration      |       |     1 |     1 ||     2
Armor: Scale mail        |    29 |    99 |     2 ||   130
Dodge: Dodged            |    20 |   110 |     2 ||   132
Block: Buckler           |    22 |    69 |     4 ||    95
       Shield            |     1 |       |       ||     1
